 Dungeon Sprint DCSS version 0.31.0-11-ge490571c62 (webtiles) character file.

Game seed: 8668125804128425838

19446 boopmooplesden the Pulveriser (level 12, -2/123 (129) HPs)
             Began as a Minotaur Gladiator on Feb 4, 2024.
             Was the Champion of Trog.
             Killed from afar by an eidolon (31 damage)
             ... with a bolt of negative energy
             ... in the Dungeon (Sprint VII: "The Pits").
             The game lasted 00:06:29 (2884 turns).

boopmooplesden the Pulveriser (Minotaur Gladiator)  Turns: 2884, Time: 00:06:30

HP:   -2/123 (129)  AC: 23    Str: 24    XL:     12   Next: 36%
MP:   11/11         EV: 10    Int:  5    God:    Trog [******]
Gold: 71            SH:  0    Dex: 12    Spells: 11/11 levels left

rFire   . . .        s - +3 lajatang (heavy)
rCold   + . .        (shield currently unavailable)
rNeg    . . .        F - +3 plate armour {rC+}
rPois   .            c - +0 hat
rElec   .            (no cloak)
rCorr   .            x - +0 pair of gloves
SInv    .            (no boots)
Will    ++...        (no amulet) Stlth
                     (no ring)
HPRegen 1.40/turn    (no ring)
MPRegen 0.12/turn

%: no teleportation
@: strong-willed, on berserk cooldown, regenerating, slowed, constricted,
lightly drained, very slow
A: horns 2, retaliatory headbutt
a: Renounce Religion, Berserk, Trog's Hand, Brothers in Arms


You were in the Dungeon.
You worshipped Trog.
Trog was exalted by your worship.
You visited 1 branch You collected 71 gold pieces.

Inventory:

Hand Weapons
 a - a +0 quarterstaff
 l - a +2 quarterstaff
 r - a +1 quarterstaff of speed
 s - a +3 heavy lajatang (weapon)
 w - a +4 quarterstaff of speed
Missiles
 d - 3 throwing nets (quivered)
 e - a javelin
Armour
 c - a +0 hat (worn)
 x - a +0 pair of gloves (worn)
 y - a +4 chain mail
 F - a +3 plate armour of cold resistance (worn)
Jewellery
 b - a ring of protection from cold
 t - a +3 ring of dexterity
 u - a +3 ring of protection
 z - a ring of ice
Wands
 E - a wand of flame (3)
 G - a wand of mindburst (7)
 H - a wand of paralysis (4)
Scrolls
 k - 2 scrolls of blinking
 n - 2 scrolls of vulnerability
 o - 5 scrolls of amnesia
 p - a scroll of butterflies
 q - 7 scrolls of fog
 A - 2 scrolls of identify
 B - 2 scrolls of enchant armour
 D - a scroll of fear
Potions
 f - 15 potions of curing
 g - 10 potions of heal wounds
 h - 4 potions of haste
 i - 4 potions of magic
 j - 3 potions of berserk rage
 m - 2 potions of invisibility
 v - 2 potions of mutation
 C - a potion of might


   Skills:
 + Level 18.8 Fighting
 + Level 21.7 Staves
 + Level 5.5 Throwing
 + Level 18.9 Armour
 + Level 14.3 Dodging
 + Level 3.6 Stealth


You had 11 spell levels left.
You didn't know any spells.
Your spell library was empty.

Dungeon Overview and Level Annotations

Branches:
Dungeon (1/1)

Altars:
Cheibriados
Dithmenos
Elyvilon
Fedhas
Gozag
Hepliaklqana
Makhleb
Nemelex Xobeh
Okawaru
Qazlal
Ru
Sif Muna
Trog
Vehumet
Wu Jian
Xom
Yredelemnul
Zin
The Shining One
Jiyva
Lugonu

Annotations:
D Saint Roka


Innate Abilities, Weirdness & Mutations

You have a pair of horns on your head.
You reflexively headbutt those who attack you in melee.


Message History

You escape the anaconda's grasp.
The anaconda misses you. You furiously retaliate!
You headbutt the anaconda! The anaconda barely misses you.
Saint Roka hits you with a +0 battleaxe!!
Things that are here:
a wand of paralysis (8); a hell hog corpse An eidolon comes into view.
The eidolon gives a chilling moan.
The anaconda attacks as it pursues you! The anaconda grabs you.
The anaconda bites you! The anaconda constricts you. The anaconda bites you!
The anaconda constricts you. The anaconda bites you!
* * * LOW HITPOINT WARNING * * *
The anaconda constricts you.
* * * LOW HITPOINT WARNING * * *
An adder zombie comes into view.
You feel much better.
You are no longer corroded.
The anaconda barely misses you. You furiously retaliate!
You headbutt the anaconda! The anaconda constricts you. The anaconda bites you.
The anaconda constricts you. The eidolon hits you.
The eidolon drains your vigour!
You feel as though you will be slow longer.
The eidolon hits you but does no damage.
The anaconda bites you!
* * * LOW HITPOINT WARNING * * *
The anaconda constricts you.
* * * LOW HITPOINT WARNING * * *
An efreet comes into view.
It is wielding a +2 scimitar of flaming.
The eidolon closely misses you. You furiously retaliate!
You headbutt the eidolon.
The eidolon hits you but does no damage.
A skeletal warrior comes into view. It is wielding a +0 hand axe.
The anaconda's grasp on you weakens, but your attempt to escape fails.
The anaconda bites you but does no damage.
The anaconda constricts you. The anaconda bites you!
* * * LOW HITPOINT WARNING * * *
The anaconda constricts you. The eidolon stares piercingly at you.
The bolt of negative energy hits you!!
You feel drained.
You die...

# #######################
#....................''
#....................''
#..###E############..## #
##)#z#R# #..## #)#o#z# #..##
##S#W#Z# #..## #.#@#.#o# #..##
##.#.#.#z# #..## ## ###### #..##
########## # ________.# #
________.# #
______...###########++###########
########'##................##..##
.(.')))'.##......#..#......##..##


You could see an eidolon, a skeletal warrior, an anaconda and an efreet.

Vanquished Creatures
  A frost giant (D)
  A deep elf sorcerer (D)
  A war gargoyle (D)
  Erolcha (D)
  2 two-headed ogres (D)
  A merfolk avatar (D)
  4 hell hogs (D)
  An orc high priest (D)
  A sun demon (D)
  2 shadow wraiths (D)
  A spriggan druid (D)
  A flayed ghost (D)
  A bog body (D)
  2 deep elf pyromancers (D)
  A wolf spider (D)
  A cyclops (D)
  Joseph (D)
  A rust devil (D)
  A cane toad (D)
  A guardian serpent (D)
  An unseen horror (D)
  A kobold demonologist (D)
  An ice devil (D)
  2 hellwings (D)
  A hornet (D)
  2 spriggans (D)
  A ynoxinul (D)
  A wyvern (D)
  A basilisk (D)
  A fire elemental (D)
  A redback (D)
  3 vampire mosquitoes (D)
  2 steam dragons (D)
  Menkaure (D)
  A laughing skull (D)
  A wolf (D)
  2 crocodiles (D)
  A centaur (D)
  A phantom (D)
  2 gnoll sergeants (D)
  A brain worm (D)
  A necrophage (D)
  3 orc priests (D)
  2 gnoll boudas (D)
  An orc wizard (D)
  A mummy (D)
  An adder (D)
  9 gnolls (D)
  A river rat (D)
  A white imp (D)
  2 ufetubi (D)
  An adder zombie (D)
  2 dart slugs (D)
  An adder simulacrum (D)
  3 orcs (D)
  2 giant cockroaches (D)
  2 jackals (D)
  2 kobolds (D)
  2 bats (D)
  A frilled lizard (D)
  A rat (D)
93 creatures vanquished.

Vanquished Creatures (collateral kills)
  Gastronok (D)
  A death knight (D)
  A gargoyle (D)
  A wandering mushroom (D)
  A steam dragon (D)
  A water moccasin (D)
  An orc priest (D)
  A gnoll (D)
  An orc (D)
9 creatures vanquished.

Vanquished Creatures (others)
  A jelly (D)
  An orc priest (D)
  A gnoll (D)
  A bat skeleton (D)
4 creatures vanquished.

Grand Total: 106 creatures vanquished

Notes
Turn   | Place    | Note
-------+----------+-------------------------------------------
     0 | D        | boopmooplesden the Minotaur Gladiator began the quest for
                  | the Orb.
     0 | D        | Reached XP level 1. HP: 18/18 MP: 0/0
    39 | D        | Found a bloodstained altar of Trog.
    39 | D        | Found a shimmering blue altar of Sif Muna.
    39 | D        | Found a viscous altar of Jiyva.
    39 | D        | Found a hazy altar of Hepliaklqana.
    39 | D        | Found an opulent altar of Gozag.
    40 | D        | Found a glowing golden altar of the Shining One.
    40 | D        | Found a glowing silver altar of Zin.
    40 | D        | Found a basalt altar of Yredelemnul.
    40 | D        | Found a shimmering altar of Xom.
    40 | D        | Found an ornate altar of the Wu Jian Council.
    40 | D        | Found a sacrificial altar of Ru.
    40 | D        | Found a stormy altar of Qazlal.
    40 | D        | Found an iron altar of Okawaru.
    40 | D        | Found a sparkling altar of Nemelex Xobeh.
    40 | D        | Found a burning altar of Makhleb.
    40 | D        | Found a blossoming altar of Fedhas.
    40 | D        | Found a white marble altar of Elyvilon.
    40 | D        | Found a shadowy altar of Dithmenos.
    40 | D        | Found a snail-covered altar of Cheibriados.
    42 | D        | Found a corrupted altar of Lugonu.
    42 | D        | Found a radiant altar of Vehumet.
    43 | D        | Became a worshipper of Trog the Wrathful
    54 | D        | Reached skill level 4 in Staves
    62 | D        | Reached * piety under Trog
    68 | D        | Noticed a brain worm
    75 | D        | Reached XP level 2. HP: 25/25 MP: 1/1
    75 | D        | Reached ** piety under Trog
    77 | D        | Killed a brain worm
    78 | D        | Reached skill level 7 in Staves
    78 | D        | Reached skill level 1 in Armour
    78 | D        | Reached XP level 3. HP: 33/33 MP: 2/2
    78 | D        | Reached XP level 4. HP: 40/40 MP: 3/3
   174 | D        | Noticed a phantom
   183 | D        | Reached *** piety under Trog
   187 | D        | Reached skill level 8 in Staves
   187 | D        | Noticed a necrophage
   190 | D        | Reached XP level 5. HP: 23/47 MP: 4/4
   194 | D        | Reached **** piety under Trog
   195 | D        | Reached skill level 5 in Fighting
   195 | D        | Reached skill level 9 in Staves
   195 | D        | Killed a phantom
   196 | D        | Reached skill level 10 in Staves
   196 | D        | Reached XP level 6. HP: 29/56 MP: 5/5
   204 | D        | Reached ***** piety under Trog
   363 | D        | Reached skill level 11 in Staves
   386 | D        | Received a gift from Trog
   397 | D        | Noticed a cyclops
   405 | D        | Killed a shadow wraith
   406 | D        | Reached skill level 12 in Staves
   406 | D        | Reached skill level 10 in Dodging
   406 | D        | Reached XP level 7. HP: 44/64 MP: 6/6
   408 | D        | Killed a cyclops
   409 | D        | Reached skill level 14 in Staves
   409 | D        | Reached skill level 5 in Throwing
   759 | D        | Noticed a steam dragon
   759 | D        | Noticed Joseph
   766 | D        | Reached XP level 8. HP: 74/74 MP: 7/7
   767 | D        | Reached skill level 5 in Armour
   776 | D        | Received a gift from Trog
   777 | D        | Reached skill level 15 in Staves
   781 | D        | Killed Joseph
   923 | D        | Reached skill level 16 in Staves
   931 | D        | Killed an unseen horror
   932 | D        | Reached XP level 9. HP: 52/85 MP: 8/8
  1232 | D        | Noticed Erolcha
  1234 | D        | Noticed a hellwing
  1238 | D        | Killed Erolcha
  1238 | D        | Received a gift from Trog
  1239 | D        | Reached skill level 10 in Fighting
  1239 | D        | Reached skill level 17 in Staves
  1242 | D        | Killed a hellwing
  1246 | D        | Killed a shadow wraith
  1329 | D        | Noticed a guardian serpent
  1331 | D        | Killed a guardian serpent
  1332 | D        | Reached skill level 18 in Staves
  1332 | D        | Reached skill level 10 in Armour
  1345 | D        | Noticed a flayed ghost
  1353 | D        | Killed a flayed ghost
  1353 | D        | Received a gift from Trog
  1354 | D        | Reached XP level 10. HP: 97/97 MP: 9/9
  1433 | D        | Reached ****** piety under Trog
  1612 | D        | Noticed a spriggan druid
  1612 | D        | Noticed a bog body
  1612 | D        | Noticed a wolf spider
  1615 | D        | Killed a spriggan druid
  1615 | D        | Received a gift from Trog
  1616 | D        | Reached skill level 19 in Staves
  1618 | D        | Killed a bog body
  1624 | D        | Killed a wolf spider
  1774 | D        | Noticed Menkaure
  1781 | D        | Killed Menkaure
  1783 | D        | Received a gift from Trog
  1797 | D        | Noticed an orc high priest
  1807 | D        | Noticed a rust devil
  1815 | D        | Killed an orc high priest
  1815 | D        | Received a gift from Trog
  2069 | D        | Noticed a cane toad
  2070 | D        | Noticed a two-headed ogre
  2075 | D        | Killed a two-headed ogre
  2076 | D        | Reached XP level 11. HP: 66/111 MP: 10/10
  2077 | D        | Reached skill level 20 in Staves
  2335 | D        | Noticed a deep elf pyromancer
  2335 | D        | Noticed a two-headed ogre
  2340 | D        | Killed a two-headed ogre
  2341 | D        | Reached skill level 15 in Fighting
  2341 | D        | Reached skill level 15 in Armour
  2341 | D        | Reached skill level 1 in Stealth
  2345 | D        | Killed a deep elf pyromancer
  2345 | D        | Received a gift from Trog
  2594 | D        | Noticed a deep elf pyromancer
  2600 | D        | Killed a deep elf pyromancer
  2780 | D        | Noticed a sun demon
  2780 | D        | Noticed a frost giant
  2780 | D        | Noticed a deep elf sorcerer
  2780 | D        | Noticed a death knight
  2780 | D        | Noticed a merfolk avatar
  2780 | D        | Noticed a spriggan rider
  2784 | D        | Killed a sun demon
  2787 | D        | Killed a frost giant
  2788 | D        | Killed a deep elf sorcerer
  2788 | D        | Received a gift from Trog
  2790 | D        | Killed a merfolk avatar
  2795 | D        | Killed a death knight
  2796 | D        | Killed a spriggan rider
  2797 | D        | Reached skill level 21 in Staves
  2797 | D        | Received a gift from Trog
  2857 | D        | Noticed Gastronok
  2857 | D        | Noticed a hell hog
  2857 | D        | Noticed a war gargoyle
  2857 | D        | Noticed Saint Roka
  2859 | D        | Killed a hell hog
  2860 | D        | Noticed a hell hog
  2862 | D        | Reached XP level 12. HP: 127/127 MP: 11/11
  2862 | D        | Noticed a hell hog
  2864 | D        | Killed a hell hog
  2866 | D        | Killed a hell hog
  2870 | D        | Noticed an anaconda
  2870 | D        | Noticed a hell hog
  2872 | D        | Killed a hell hog
  2872 | D        | Received a gift from Trog
  2875 | D        | Killed Gastronok
  2879 | D        | Killed a war gargoyle
  2879 | D        | Paralysed by an air elemental for 1 turns
  2882 | D        | Noticed an eidolon
  2884 | D        | Killed from afar by an eidolon

Illustrated notes

Levels and vault maps discovered:
D:        pitsprint [storerooms_1, entrance_room_1, metal_vault_5, armoury_3,
          mini_pit_1, grid_room_1, main_hall_1, silver_pit, the_coven_2,
          the_vestibule_1, steel_vault_2, golden_pit, hallway_of_sentries,
          crystal_vault_4, iron_vault_1, final_vault]

Skill      XL: |  1  2  3  4  5  6  7  8  9 10 11 12 |
---------------+-------------------------------------+-----
Staves         | 4 7 8 10 12 14 16 18 19 21 | 21.7
Dodging        | 4 6 7 8 10 11 12 13 14 | 14.3
Fighting       | 3 4 5 6 7 9 12 14 17 18 | 18.8
Throwing       | 3 4 5 |  5.5
Armour         | 1 2 3 4 7 11 14 17 18 | 18.9
Stealth        | 2 3 |  3.6

Action                     |  1- 3 |  4- 6 |  7- 9 | 10-12 || total
---------------------------+-------+-------+-------+-------++-------
  Melee: Quarterstaff      |    12 |    45 |       |       ||    57
         Headbutt          |     1 |     8 |     6 |    13 ||    28
         Lajatang          |       |     1 |    37 |    99 ||   137
 Invoke: Berserk           |     1 |     2 |     3 |     4 ||    10
         Trog's Hand       |       |       |       |     3 ||     3
         Brothers in Arms  |       |       |       |     3 ||     3
    Use: Potion            |       |       |       |     3 ||     3
   Stab: Distracted        |       |       |       |     2 ||     2
 Armour: Leather armour    |     8 |     1 |       |       ||     9
         Chain mail        |       |    14 |    53 |    96 ||   163
         Plate armour      |       |       |       |    34 ||    34
  Dodge: Dodged            |    16 |     8 |    27 |    80 ||   131
